 Dungeon Sprint DCSS version 0.30.0-5-g1a98f26d00 (webtiles) character file.

Game seed: 12199561949236941514

257 bmack86 the Fighter (level 5, -18/59 HPs)
             Began as a Minotaur Berserker on May 10, 2023.
             Was a Believer of Trog.
             Demolished by a slime creature (20 damage)
             ... in the Dungeon (Sprint I: "Red Sonja").
             The game lasted 00:01:51 (234 turns).

bmack86 the Fighter (Minotaur Berserker)             Turns: 234, Time: 00:01:51

Health: -18/59     AC:  2    Str: 24    XL:     5   Next: 93%
Magic:  4/4        EV: 12    Int:  4    God:    Trog [**....]
Gold:   162        SH:  0    Dex:  9    Spells: 4/4 levels left

rFire   . . .        l - +0 scythe
rCold   . . .        (shield currently unavailable)
rNeg    . . .        b - +0 animal skin
rPois   .            (helmet restricted)
rElec   .            (no cloak)
rCorr   .            (no gloves)
SInv    .            (no boots)
Will    .....        (no amulet)
Stlth   +            (no ring)
HPRegen 0.29/turn    (no ring)
MPRegen 0.09/turn

%: no teleportation
@: no status effects
A: horns 2, retaliatory headbutt
a: Renounce Religion, Berserk, Trog's Hand


You were in the Dungeon.
You worshipped Trog.
Trog was pleased with you.
You visited 1 branch You collected 162 gold pieces.

Inventory:

Hand Weapons
 a - a +0 hand axe
 l - a +0 scythe (weapon)
Armour
 b - a +0 animal skin (worn)
Wands
 i - a wand of charming (9)
 k - a wand of polymorph (11) (quivered)
Scrolls
 h - a scroll of blinking
Potions
 c - a potion of curing
 d - a potion of heal wounds
 e - a potion of haste
 f - 2 potions of magic
 g - a potion of berserk rage
 j - a potion of attraction {unknown}


   Skills:
 + Level 10.4 Fighting
 - Level 10.4 Axes
 + Level 0.0(6.5) Polearms
 - Level 4.2 Armour
 - Level 3.8 Dodging


You had 4 spell levels left.
You didn't know any spells.
Your spell library was empty.

Dungeon Overview and Level Annotations

Branches:
Dungeon (1/1)

Altars:
Makhleb
Xom
Jiyva
Lugonu


Innate Abilities, Weirdness & Mutations

You have a pair of horns on your head.
You reflexively headbutt those who attack you in melee.


Message History

You start resting.
HP restored.
You open the door.
You recover from your berserk rage.
Found 108 gold pieces.
There is an open door here.
You now have 81 gold pieces (gained 27).
You now have 108 gold pieces (gained 27).
You now have 135 gold pieces (gained 27).
You now have 162 gold pieces (gained 27).
Okay, then.
Okay, then.
Okay, then.
l - a +0 scythe (weapon)
You open the door.
A slime creature comes into view.
Found four altars.
The slime creature hits you.
There is an open door here.
You puncture the slime creature!
Your headbutt misses the slime creature.
The slime creature is moderately wounded.
The slime creature hits you!
You hit the slime creature but do no damage.
You headbutt the slime creature!
The slime creature is heavily wounded.
The slime creature hits you!
You barely miss the slime creature. You headbutt the slime creature.
The slime creature is heavily wounded.
The slime creature hits you.
You puncture the slime creature! You headbutt the slime creature.
The slime creature is severely wounded.
The slime creature hits you!!
* * * LOW HITPOINT WARNING * * *
You hit the slime creature but do no damage.
The slime creature is severely wounded.
The slime creature hits you!
* * * LOW HITPOINT WARNING * * *
The slime creature hits you!!
You die...

###################
#<.#..').#..'..#__#
#..)..#..'[.#..@J.+
#..#####'#####+#__#
#..# #..# ### #..#
#### #..# #⌠⌠# ####


You could see a slime creature.

Vanquished Creatures
  Sigmund (D)
  An ogre (D)
  Ijyb (D)
3 creatures vanquished.

Notes
Turn   | Place    | Note
-------+----------+-------------------------------------------
     0 | D        | bmack86 the Minotaur Berserker began the quest for the Orb.
     0 | D        | Reached XP level 1. HP: 19/19 MP: 0/0
     2 | D        | Noticed Ijyb
     5 | D        | Killed Ijyb
     6 | D        | Reached skill level 5 in Fighting
     6 | D        | Reached skill level 5 in Axes
     6 | D        | Reached XP level 2. HP: 29/29 MP: 1/1
    45 | D        | Noticed an ogre
    52 | D        | Killed an ogre
    53 | D        | Reached XP level 3. HP: 23/39 MP: 2/2
    53 | D        | Reached XP level 4. HP: 28/47 MP: 3/3
   152 | D        | Noticed Sigmund
   162 | D        | Killed Sigmund
   162 | D        | Reached ** piety under Trog
   163 | D        | Reached skill level 10 in Fighting
   163 | D        | Reached skill level 10 in Axes
   163 | D        | Reached XP level 5. HP: 59/59 MP: 4/4
   228 | D        | Found a burning altar of Makhleb.
   228 | D        | Found a viscous altar of Jiyva.
   228 | D        | Found a shimmering altar of Xom.
   228 | D        | Found a corrupted altar of Lugonu.
   228 | D        | Noticed a slime creature
   234 | D        | HP: 2/59 [slime creature (10)]
   234 | D        | Demolished by a slime creature

Illustrated notes

Levels and vault maps discovered:
D:        dungeon_sprint_1 [red_sonja_temple_1, red_sonja_temple_small_1]

Skill      XL: |  1  2  3  4 |
---------------+-------------+-----
Fighting       | 5 7 10 | 10.4
Axes           | 5 7 10 | 10.4
Armour         | 3 4 |  4.2
Dodging        | 3 |  3.8

Action                     |  1- 3 |  4- 6 || total
---------------------------+-------+-------++-------
  Melee: Hand axe          |     7 |     8 ||    15
         Headbutt          |     2 |     4 ||     6
         Halberd           |       |     5 ||     5
 Invoke: Berserk           |     2 |     1 ||     3
  Dodge: Dodged            |     1 |     1 ||     2
